 Dungeon Crawl Stone Soup version 0.31.0-11-ge490571c62 (webtiles) character file.

Game seed: 656268558111461863

121 olmar the Cudgeller (level 4, -8/37 HPs)
             Began as a Demonspawn Berserker on Feb 4, 2024.
             Was a Believer of Trog.
             Mangled by a sleepcap (20 damage)
             ... on level 4 of the Dungeon.
             The game lasted 00:02:18 (2785 turns).

olmar the Cudgeller (Demonspawn Berserker)          Turns: 2785, Time: 00:02:18

Health: -8/37      AC:  2    Str: 19    XL:     4   Next: 77%
Magic:  4/4        EV:  2    Int:  8    God:    Trog [**....]
Gold:   236        SH:  0    Dex: 12    Spells: 3/3 levels left

rFire   + . .        a - +0 mace
rCold   . . .        (no shield)
rNeg    . . .        b - +0 animal skin
rPois   .            (helmet restricted)
rElec   .            (no cloak)
rCorr   .            (no gloves)
SInv    .            (no boots)
Will    +....        (no amulet)
Stlth   +            h - ring of protection from fire
HPRegen 0.26/turn    m - ring of willpower
MPRegen 0.09/turn

%: no passive effects
@: sleeping
A: antennae 1, ignite blood 1, weakness stinger 1
a: Renounce Religion, Berserk, Trog's Hand


You were on level 4 of the Dungeon.
You worshipped Trog.
Trog was pleased with you.
You visited 1 branch of the dungeon, and saw 4 of its levels.

You collected 236 gold pieces.

Inventory:

Hand Weapons
 a - a +0 mace (weapon)
 o - a +1 heavy spear
Missiles
 g - 3 poisoned darts (quivered)
Armour
 b - a +0 animal skin (worn)
Jewellery
 h - a ring of protection from fire (left hand)
 m - a ring of willpower (right hand)
Scrolls
 c - 2 scrolls of fog {unknown}
 e - a scroll of amnesia {unknown}
 f - a scroll of fear {unknown}
 k - 2 scrolls of teleportation {unknown}
 l - 3 scrolls of identify {unknown}
 r - 2 scrolls of noise {unknown}
Potions
 d - a potion of invisibility {unknown}
 i - a potion of curing {unknown}
 j - 2 potions of haste {unknown}
 n - 2 potions of might {unknown}
 p - a potion of heal wounds {unknown}
 q - a potion of mutation {unknown}
 s - 2 potions of enlightenment {unknown}


   Skills:
 + Level 3.7 Fighting
 + Level 4.1 Maces & Flails
 + Level 1.8 Armour
 + Level 2.5 Dodging
 + Level 0.3 Stealth


You had 3 spell levels left.
You didn't know any spells.
Your spell library was empty.

Dungeon Overview and Level Annotations

Branches:
Dungeon (4/15)
 Temple: D:4-7

Altars:
Qazlal
Xom

Annotations:
D:3 2 transporters, dlwiii's ghost, novice BaCA


Innate Abilities, Weirdness & Mutations

You have a pair of small antennae on your head.
Your demonic aura sometimes causes spilled blood to erupt in flames.
You have a small tail.


Message History

The sleepcap releases spores at you!
You wake up.
You are too injured to fight recklessly!
Unknown command.
You are too injured to fight recklessly!
Unknown command.
You are too injured to fight recklessly!
Unknown command.
The sleepcap is engulfed in blazing flames.
You hit the sleepcap.
The sleepcap is severely damaged.
The sleepcap completely misses you.
You hit the sleepcap.
The sleepcap is severely damaged.
The sleepcap releases spores at you.
Unknown command.
You hit the sleepcap but do no damage.
You tail-slap the sleepcap, but do no damage.
The sleepcap is severely damaged.
The sleepcap closely misses you.
You hit the sleepcap but do no damage.
The sleepcap is severely damaged.
The sleepcap barely misses you. The sleepcap closely misses you.
Unknown command.
You hit the sleepcap.
The sleepcap is almost destroyed.
The sleepcap misses you.
Unknown command.
You hit the sleepcap.
The sleepcap is almost destroyed.
The sleepcap closely misses you.
You hit the sleepcap but do no damage.
The sleepcap is almost destroyed.
The sleepcap releases spores at you.
* * * LOW HITPOINT WARNING * * *
You are engulfed in a cloud of soporific spores!
You fall asleep.
The sleepcap releases spores at you but does no damage.
The sleepcap releases spores at you!!
Ouch! That really hurt!
You die...

##...###### #....
###........ .... #
#.###.### #..#
###.# .. #..#
..#.# .# ###..#
#.#.# #....#
..#.######....##.#
###.......>. #f#
....####### #@#
###.#.# #.#
......# #.#
###.#.# #.# #.#.#
#.# #.#.# #.#
#.#.# #.# #.#.#
#.# #.#.# #.#


You could see a sleepcap.

Vanquished Creatures
  An orc wizard (D:4)
  3 gnolls (D:3)
  An adder (D:4)
  3 dart slugs (D:1)
  A ribbon worm (D:3)
  3 orcs
  3 ball pythons
  7 endoplasms
  3 goblins
  5 hobgoblins
  2 jackals (D:2)
  2 quokkas
  4 bats
  5 frilled lizards
  2 kobolds
  3 rats
48 creatures vanquished.

Notes
Turn   | Place    | Note
-------+----------+-------------------------------------------
     0 | D:1      | olmar the Demonspawn Berserker began the quest for the Orb.
     0 | D:1      | Reached XP level 1. HP: 18/18 MP: 1/1
   209 | D:1      | Discovered your monstrous ancestry.
   209 | D:1      | Gained mutation: You have a pair of small antennae on your
                  | head. [demonic ancestry]
   209 | D:1      | Reached XP level 2. HP: 20/24 MP: 2/2
   337 | D:1      | Reached skill level 3 in Maces & Flails
   921 | D:2      | Gained mutation: You have a small tail. [demonic ancestry]
   921 | D:2      | Reached XP level 3. HP: 29/29 MP: 3/3
  1032 | D:2      | Found a faded altar of an unknown god.
  1717 | D:3      | Found a shimmering altar of Xom.
  1853 | D:3      | Reached ** piety under Trog
  1987 | D:3      | Gained mutation: Your demonic aura sometimes causes spilled
                  | blood to erupt in flames. [demonic ancestry]
  1987 | D:3      | Reached XP level 4. HP: 20/35 MP: 4/4
  2121 | D:3      | Noticed an ogre
  2121 | D:3      | Noticed dlwiii's ghost (novice BaCA)
  2123 | D:3      | Found a transporter.
  2123 | D:3      | Noticed an ogre
  2123 | D:3      | Noticed an ogre
  2131 | D:3      | Found a transporter.
  2154 | D:3      | Found a stormy altar of Qazlal.
  2601 | D:4      | Reached skill level 4 in Maces & Flails
  2785 | D:4      | Mangled by a sleepcap

Illustrated notes

Levels and vault maps discovered:
D:1:      amcnicky_arrival_blooded_trapdoor, layout_basic
D:2:      layout_basic, shapermc_ecumenical_altar_mp_vishouse
D:3:      minmay_door_path, layout_basic, mainiacjoe_overflow_small_starburst,
          mainiacjoe_overflow_alcove_4, gammafunk_ghost_smash,
          dreamdust_wishing_well
D:4:      minmay_clustersquares, layout_basic, lemuel_crystal_altar,
          serial_shops, shop, uniq_menkaure

Skill      XL: |  1  2  3  4 |
---------------+-------------+-----
Dodging        | 2 |  2.5
Maces & Flails | 3 4 |  4.1
Fighting       | |  3.7
Armour         | |  1.8
Stealth        | |  0.3

Action                     |  1- 3 |  4- 6 || total
---------------------------+-------+-------++-------
  Melee: Mace              |   118 |    37 ||   155
         Punch             |     1 |       ||     1
         Tailslap          |     4 |     3 ||     7
 Invoke: Berserk           |     1 |     1 ||     2
 Armour: Animal skin       |    68 |    21 ||    89
  Dodge: Dodged            |    72 |    24 ||    96
